 Dungeon Crawl Stone Soup version 0.28-a0-1074-g3cb2360906 (webtiles) character file.

Game seed: 2414989159506561455

4048 AvatarAndi78 the Basher (level 10, -3/132 HPs)
             Began as a Minotaur Berserker on Dec 9, 2021.
             Was a High Priest of Trog.
             Slain by Harold (11 damage)
             ... on level 8 of the Dungeon.
             The game lasted 00:13:47 (7312 turns).

AvatarAndi78 the Basher (Minotaur Berserker)        Turns: 7312, Time: 00:13:48

Health: -3/132     AC: 16    Str: 23    XL:     10   Next: 4%
Magic:  9/9        EV:  9    Int:  4    God:    Trog [*****.]
Gold:   225        SH:  7    Dex: 13    Spells: 9/9 levels left

rFire   + . .      SeeInvis .   q - +1 flail (vorpal)
rCold   . . .      Faith    +   p - +2 buckler
rNeg    . . .      Spirit   .   o - +1 chain mail {rF+}
rPois   .          Reflect  .   A - +2 hat
rElec   .          Harm     .   w - +0 cloak
rCorr   .          Rampage  .   (no gloves)
Will    .....                   d - +0 pair of boots
Stlth   ..........              n - amulet of faith
HPRegen 0.32/turn               (no ring)
MPRegen 0.11/turn               (no ring)

@: berserking, very quick
A: horns 2, retaliatory headbutt
a: Renounce Religion, Berserk, Trog's Hand, Brothers in Arms


You were on level 8 of the Dungeon.
You worshipped Trog.
Trog was extremely pleased with you.
You visited 1 branch of the dungeon, and saw 8 of its levels.

You collected 367 gold pieces.
You spent 142 gold pieces at shops.

Inventory:

Hand Weapons
 m - a +0 hand axe of venom
 q - a +1 vorpal flail (weapon)
Missiles
 i - 17 poisoned darts (quivered)
Armour
 d - a +0 pair of boots (worn)
 o - a +1 chain mail of fire resistance (worn)
 p - a +2 buckler (worn)
 w - a +0 cloak (worn)
 A - a +2 hat (worn)
Jewellery
 n - an amulet of faith (around neck)
Wands
 a - a wand of polymorph (17)
 x - a wand of iceblast (12)
 y - a wand of digging (1)
Scrolls
 b - 8 scrolls of identify {unknown}
 e - a scroll of vulnerability {unknown}
 f - a scroll of enchant weapon {unknown}
 h - 4 scrolls of noise {unknown}
 j - 7 scrolls of teleportation {unknown}
 k - 2 scrolls of magic mapping
 l - 4 scrolls of enchant armour
 u - a scroll of blinking {unknown}
 z - a scroll of holy word {unknown}
 C - a scroll of amnesia {unknown}
 E - 2 scrolls of immolation {unknown}
Potions
 c - a potion of ambrosia {unknown}
 g - 2 potions of mutation {unknown}
 r - a potion of resistance {unknown}
 s - 3 potions of flight {unknown}
 t - a potion of attraction {unknown}
 v - 3 potions of curing {unknown}
 B - 2 potions of haste {unknown}
 D - a potion of brilliance {unknown}
 F - a potion of berserk rage {unknown}
 G - a potion of heal wounds {unknown}


   Skills:
 + Level 7.6 Fighting
 + Level 7.6(10.0) Axes
 + Level 10.0(11.1) Maces & Flails
 + Level 2.1 Throwing
 + Level 8.6 Armour
 + Level 3.4 Dodging
 + Level 1.5 Stealth
 + Level 4.1 Shields


You had 9 spell levels left.
You didn't know any spells.
Your spell library was empty.

Dungeon Overview and Level Annotations

Branches:
Dungeon (8/15)             Temple (0/1) D:5            Lair (0/6) D:8

Altars:
Fedhas
Okawaru

Shops:
D:2 ?

Annotations:
D:6 1 runed translucent door, Vivir's ghost, novice MiFi
D:8 4 runed translucent doors, Harold


Innate Abilities, Weirdness & Mutations

You have a pair of horns on your head.
You reflexively headbutt those who attack you in melee.


Message History

You kill the jelly!
Trog accepts your kill.
You throw a poisoned dart. The poisoned dart hits Harold.
Harold is poisoned.
Harold is heavily wounded.
You throw a poisoned dart. The poisoned dart hits Harold.
Harold looks even sicker.
Harold is heavily wounded.
Harold throws a throwing net.
The throwing net hits you.
You become entangled in the net!
You cannot throw anything while held in a net.
You cannot throw anything while held in a net.
You struggle against the net.
You struggle against the net.
You shred the net and break free! Harold closely misses you.
Harold fires a harpoon shot at you. You block the harpoon shot.
Harold misses you.
You hit Harold. Your headbutt misses Harold.
Harold is heavily wounded.
Harold hits you with a +0 glaive of distortion!!
Space warps horribly around you!!
* * * LOW HITPOINT WARNING * * *
You are too injured to fight recklessly!
A red film seems to cover your vision as you go berserk!
You feel yourself moving faster!
You feel mighty!
Harold hits you with a +0 glaive of distortion!
* * * LOW HITPOINT WARNING * * *
You blink.
You feel a strong urge to attack something.
You block Harold's attack.
You sock Harold! Your headbutt misses Harold.
Harold is severely wounded.
Harold hits you with a +0 glaive of distortion.
* * * LOW HITPOINT WARNING * * *
You hit Harold. You headbutt Harold, but do no damage.
Harold is almost dead.
Harold hits you with a +0 glaive of distortion!!
* * * LOW HITPOINT WARNING * * *
Space warps horribly around you!
You die...

.###++++####..###...
...........#.###...#
..............#.... #
.............##... .#
.##########..#...##.####
..........#.##.........#
)##.........###..#.....#
..###.##..### ##@####..#
..#.#....## ###@.## ##
..#......###.#.#(..##
..)).##.........(...#
...###......#.......#
...##......#.#...#.##
.........###..)..###
....##...#.......#
##.####..#....#..# ##.#
#.##....####


You could see Harold (poisoned).

Vanquished Creatures
  Pikel (D:7)
  A centaur zombie (D:7)
  Edmund (D:4)
  A water moccasin (D:7)
  Duvessa (D:7)
  3 ice beasts
  A black bear (D:4)
  A sky beast (D:6)
  An ogre (D:4)
  A centaur (D:8)
  A phantom (D:7)
  A kobold brigand (D:6)
  3 lemures (D:7)
  3 bullfrogs
  3 scorpions
  Dowan (D:7)
  10 killer bees (D:8)
  7 wights (D:8)
  5 howler monkeys
  A gnoll shaman (D:7)
  2 orc priests
  A bullfrog zombie (D:7)
  3 hounds
  Crazy Yiuf (D:7)
  2 jellies
  2 iguanas
  Terence (D:2)
  6 orc wizards
  A killer bee zombie (D:7)
  A hound skeleton (D:5)
  Robin (D:3)
  8 adders
  A shadow imp (D:6)
  An ufetubus (D:6)
  An adder skeleton (D:5)
  2 worms
  5 dart slugs
  22 orcs
  5 ball pythons
  7 bats
  11 endoplasms
  2 giant cockroaches
  22 goblins
  8 hobgoblins
  12 jackals
  5 quokkas
  3 frilled lizards
  7 kobolds
  7 rats
197 creatures vanquished.

Notes
Turn   | Place    | Note
-------+----------+-------------------------------------------
     0 | D:1      | AvatarAndi78 the Minotaur Berserker began the quest for the
                  | Orb.
     0 | D:1      | Reached XP level 1. HP: 19/19 MP: 0/0
   110 | D:1      | Reached XP level 2. HP: 27/27 MP: 1/1
   729 | D:1      | Reached XP level 3. HP: 31/33 MP: 2/2
   744 | D:1      | Found a faded altar of an unknown god.
  1126 | D:2      | Noticed Terence
  1132 | D:2      | Killed Terence
  1185 | D:2      | Reached ** piety under Trog
  1199 | D:2      | Reached XP level 4. HP: 41/41 MP: 3/3
  1296 | D:2      | Reached skill level 5 in Axes
  1423 | D:2      | Found Fyriloj's Magic Scroll Shoppe.
  1442 | D:2      | Bought a scroll of magic mapping for 45 gold pieces
  1442 | D:2      | Bought a scroll of enchant armour for 97 gold pieces
  1573 | D:2      | Reached XP level 5. HP: 44/47 MP: 4/4
  1872 | D:3      | Reached *** piety under Trog
  1972 | D:3      | Noticed Robin
  1991 | D:3      | Killed Robin
  2428 | D:4      | Noticed a black bear
  2432 | D:4      | Killed a black bear
  2433 | D:4      | Reached skill level 5 in Fighting
  2433 | D:4      | Reached XP level 6. HP: 56/56 MP: 5/5
  2513 | D:4      | Noticed Edmund
  2523 | D:4      | Killed Edmund
  2638 | D:4      | Reached skill level 5 in Armour
  2896 | D:4      | Reached skill level 1 in Throwing
  2896 | D:4      | Reached XP level 7. HP: 25/61 MP: 6/6
  3482 | D:4      | Reached skill level 1 in Maces & Flails
  3765 | D:5      | Entered Level 5 of the Dungeon
  3844 | D:5      | Reached skill level 2 in Maces & Flails
  3845 | D:5      | Reached **** piety under Trog
  3849 | D:5      | Reached skill level 3 in Maces & Flails
  4049 | D:5      | Reached XP level 8. HP: 70/70 MP: 7/7
  4059 | D:5      | Found a staircase to the Ecumenical Temple.
  4103 | D:5      | Reached skill level 4 in Maces & Flails
  4437 | D:6      | Noticed Vivir's ghost (novice MiFi)
  4441 | D:6      | Found a runed translucent door.
  4717 | D:6      | Reached skill level 5 in Maces & Flails
  5100 | D:6      | Reached skill level 6 in Maces & Flails
  5100 | D:6      | Reached skill level 1 in Shields
  5100 | D:6      | Found a blossoming altar of Fedhas.
  5399 | D:7      | Reached skill level 7 in Maces & Flails
  5462 | D:7      | Reached skill level 1 in Stealth
  5462 | D:7      | Reached XP level 9. HP: 66/78 MP: 8/8
  5624 | D:7      | Noticed Duvessa
  5624 | D:7      | Noticed Dowan
  5629 | D:7      | Killed Dowan
  5635 | D:7      | Killed Duvessa
  5636 | D:7      | Reached skill level 8 in Maces & Flails
  5767 | D:7      | Found a runed translucent door.
  5768 | D:7      | Noticed Crazy Yiuf
  6079 | D:7      | Noticed Pikel
  6100 | D:7      | Killed Pikel
  6101 | D:7      | Reached skill level 9 in Maces & Flails
  6448 | D:7      | Killed Crazy Yiuf
  6525 | D:8      | Found a staircase to the Lair.
  6925 | D:8      | Reached ***** piety under Trog
  6973 | D:8      | Found an iron altar of Okawaru.
  7133 | D:8      | Reached XP level 10. HP: 65/86 MP: 9/9
  7172 | D:8      | Reached skill level 10 in Maces & Flails
  7254 | D:8      | Found a huge runed translucent gate.
  7255 | D:8      | Found a huge runed translucent gate.
  7259 | D:8      | Found a huge runed translucent gate.
  7272 | D:8      | Found a huge runed translucent gate.
  7293 | D:8      | Noticed Harold
  7312 | D:8      | Slain by Harold

Illustrated notes

Levels and vault maps discovered:
D:1:      dpeg_arrival_rooms_with_view, layout_basic,
          shapermc_ecumenical_altar_venn
D:2:      minmay_spotlight, layout_rooms, serial_shops, shop_scrolls,
          minmay_distorted, uniq_terence
D:3:      layout_rooms, uniq_robin
D:4:      layout_basic, chequers_serial_rivers_small_a,
          kennysheep_generic_room_15, uniq_edmund
D:5:      layout_loops_ring, minmay_temple_entry_tees
D:6:      layout_loops_ring, fedhas_altar_fruit_tree,
          hellmonk_ghost_happy_afterlife, hangedman_decor_points,
          minmay_crossroads
D:7:      layout_gridville, kennysheep_generic_room_13, uniq_duvessa,
          uniq_crazy_yiuf_cottage, uniq_pikel
D:8:      lemuel_bear_cage, layout_cave_pools, lair_entry_dummy,
          kennysheep_flooded_box, uniq_harold

Skill      XL: |  1  2  3  4  5  6  7  8  9 10 |
---------------+-------------------------------+-----
Axes           | 4 5 6 7 |  7.6
Fighting       | 4 5 6 7 |  7.6
Armour         | 3 4 5 6 7 8 |  8.6
Throwing       | 1 2 |  2.1
Maces & Flails | 3 7 9 10 | 10.0
Shields        | 1 4 |  4.1
Stealth        | 1 |  1.5
Dodging        | 3 |  3.4

Action                   |  1- 3 |  4- 6 |  7- 9 | 10-12 || total
-------------------------+-------+-------+-------+-------++-------
Melee: Hand axe          |    51 |    92 |    14 |       ||   157
       Headbutt          |    11 |    28 |    52 |     4 ||    95
       Flail             |       |    17 |   276 |    11 ||   304
Throw: Dart              |       |     7 |     6 |     4 ||    17
Invok: Berserk           |     1 |     4 |     4 |     1 ||    10
       Trog's Hand       |       |       |     2 |       ||     2
Armor: Ring mail         |    17 |       |       |       ||    17
       Scale mail        |     5 |    33 |       |       ||    38
       Chain mail        |       |    12 |   167 |     1 ||   180
Dodge: Dodged            |    26 |    53 |    92 |     2 ||   173
Block: Buckler           |       |     4 |    84 |     4 ||    92

Table legend: (Time is in decaauts)
 A = Elapsed time spent in this place.
 B = Non-inter-level travel time spent in this place.
 C = Inter-level travel time spent in this place.
 D = Time resting spent in this place.
 E = Time spent auto-exploring this place.
 F = Levels seen in this place.
 G = Mean time per level.
                   A        B        C        D        E       F      G
               +--------+--------+--------+--------+--------+-----+--------+
         Total |   7408 |   7231 |    177 |      0 |   5998 |   8 |  926.0 |
       Dungeon |   7408 |   7231 |    177 |      0 |   5998 |   8 |  926.0 |
               +--------+--------+--------+--------+--------+-----+--------+

Top non-repeatable levels by time:
     D:4: 1325 daAuts
     D:7: 1167 daAuts
     D:1: 1151 daAuts
     D:6: 929 daAuts
     D:8: 792 daAuts
     D:3: 698 daAuts
     D:5: 675 daAuts
     D:2: 668 daAuts
